[Event "4NCL Div 1 2024-25"]
[Site "England"]
[Date "2025.02.16"]
[Round "6.14"]
[White "Balaji, Aaravamudhan"]
[Black "Varnam, Liam D"]
[Result "1-0"]
[Annotator "ChessBase"]
[ECO "D26"]
[WhiteElo "2377"]
[BlackElo "2033"]
[PlyCount "51"]
[EventDate "2024.11.23"]
[EventType "team-tourn"]
[EventCountry "ENG"]
[SourceTitle "playchess.com"]
[Source "ChessBase"]
[SourceQuality "1"]
[TimeControl "40/6000+30:3000+30"]

1. d4 d5 2. c4 dxc4 3. Nf3 Nf6 4. e3 e6 5. Bxc4 c5 6. O-O a6 7. a4 Nc6 8. Nc3 cxd4 9. exd4 Be7 10. Re1 O-O 11. Bf4 Nb4 12. Ne5 Nfd5 13. Bd2 Nb6 14. Bb3 Qxd4 15. a5 Nd7 16. Re4 Qd6 17. Nxf7 Qc7 18. Bf4 Qc5 19. Rxe6 Nf6 20. Re5 Qc7 21. Re4 Bg4 22. Qxg4 Qc5 23. Qe6 Nxe4 24. Nh6+ Kh8 25. Qg8+ Rxg8 26. Nf7# 1-0

[Event "4NCL Div 1 2024-25"]
[Site "England"]
[Date "2025.02.16"]
[Round "6.15"]
[White "Hryshchenko, Kamila"]
[Black "Fitzsimons, David"]
[Result "0-1"]
[Annotator "ChessBase"]
[ECO "B21"]
[WhiteElo "2138"]
[BlackElo "2317"]
[PlyCount "134"]
[EventDate "2024.11.23"]
[EventType "team-tourn"]
[EventCountry "ENG"]
[SourceTitle "playchess.com"]
[Source "ChessBase"]
[SourceQuality "1"]
[TimeControl "40/6000+30:3000+30"]

1. e4 c5 2. d3 Nc6 3. Be2 e6 4. f4 d5 5. Nf3 Bd6 6. O-O Nge7 7. c4 O-O 8. Nc3 b6 9. cxd5 exd5 10. f5 f6 11. Qe1 Re8 12. g4 d4 13. Nb5 Nb4 14. Nxd6 Qxd6 15. Qh4 Nec6 16. g5 Bxf5 17. Bf4 fxg5 18. Nxg5 Qh6 19. Qg3 Be6 20. h4 Nc2 21. Rac1 Ne3 22. Rf2 Bxa2 23. h5 Rf8 24. Ra1 Nb4 25. Nh3 Qc6 26. Be5 Qd7 27. h6 g6 28. Nf4 Qe8 29. Nh5 Rxf2 30. Kxf2 Qe7 31. Nf6+ Kf7 32. Nxh7 Qxe5 33. Qxe5 Nxd3+ 34. Bxd3 Ng4+ 35. Ke2 Nxe5 36. Rxa2 c4 37. Bxc4+ Nxc4 38. Kd3 Ne5+ 39. Kxd4 Nc6+ 40. Ke3 Rh8 41. Ng5+ Kf6 42. Nf3 Rxh6 43. Ra1 Rh5 44. Kf4 Rc5 45. Rd1 g5+ 46. Nxg5 Rc2 47. Nf3 Ke6 48. b3 Rc3 49. Rh1 Rxb3 50. Rh6+ Kd7 51. Rh7+ Kd8 52. Ng5 a5 53. Ne6+ Ke8 54. Nc7+ Kd8 55. Nd5 a4 56. Kf5 a3 57. Ke6 Nd4+ 58. Kd6 Nb5+ 59. Kc6 Nd4+ 60. Kb7 Rf3 61. e5 a2 62. Rh8+ Kd7 63. Nxb6+ Ke6 64. Re8+ Kf5 65. Ra8 Rf2 66. Nd5 Nb3 67. e6 Kxe6 0-1

[Event "4NCL Div 1 2024-25"]
[Site "England"]
[Date "2025.02.16"]
[Round "6.16"]
[White "Kalaiyalahan, Akshaya"]
[Black "Kafka, Graeme"]
[Result "1/2-1/2"]
[Annotator "ChessBase"]
[ECO "A11"]
[WhiteElo "2130"]
[BlackElo "2015"]
[PlyCount "115"]
[EventDate "2024.11.23"]
[EventType "team-tourn"]
[EventCountry "ENG"]
[SourceTitle "playchess.com"]
[Source "ChessBase"]
[SourceQuality "1"]
[TimeControl "40/6000+30:3000+30"]

1. Nf3 d5 2. g3 Nf6 3. Bg2 c6 4. O-O Bf5 5. d3 h6 6. c4 e6 7. cxd5 exd5 8. Qb3 Qb6 9. Qc2 Be7 10. Nc3 O-O 11. e4 Bh7 12. Be3 Qd8 13. Rfd1 Nbd7 14. exd5 cxd5 15. Qb3 Nc5 16. Bxc5 Bxc5 17. d4 Bb6 18. Ne5 Be4 19. Na4 Rc8 20. Nxb6 Bc2 21. Qb4 Qxb6 22. Qxb6 axb6 23. Rdc1 Bf5 24. h3 Rxc1+ 25. Rxc1 Rc8 26. Rxc8+ Bxc8 27. g4 Kf8 28. f4 g6 29. Kf2 Be6 30. Ke3 Ke7 31. Bf1 Ne8 32. Bd3 Nd6 33. b3 Bd7 34. a4 g5 35. Be2 f6 36. Nd3 b5 37. a5 Bc6 38. Nb4 Nc8 39. a6 Na7 40. Bf3 Kd6 41. axb7 Bxb7 42. fxg5 fxg5 43. Kd3 Nc8 44. Kc3 Ne7 45. Be2 Ng6 46. Bxb5 Nf4 47. Bf1 Bc8 48. Nc2 h5 49. Ne3 hxg4 50. hxg4 Kc6 51. Kb4 Kb6 52. Bb5 Be6 53. Bf1 Bc8 54. Kc3 Be6 55. Kd2 Ka5 56. Kc3 Kb6 57. Kb2 Bd7 58. Kc3 1/2-1/2

[Event "4NCL Div 1 2024-25"]
[Site "England"]
[Date "2025.02.16"]
[Round "6.17"]
[White "Gormally, Daniel W"]
[Black "Panjwani, Raja"]
[Result "0-1"]
[Annotator "ChessBase"]
[ECO "E70"]
[WhiteElo "2424"]
[BlackElo "2448"]
[PlyCount "150"]
[EventDate "2024.11.23"]
[EventType "team-tourn"]
[EventCountry "ENG"]
[SourceTitle "playchess.com"]
[Source "ChessBase"]
[SourceQuality "1"]
[TimeControl "40/6000+30:3000+30"]

1. d4 Nf6 2. c4 g6 3. Nc3 Bg7 4. e4 d6 5. Bd3 O-O 6. Nge2 Nc6 7. O-O Nd7 8. Bc2 e5 9. d5 Nb4 10. Bb1 a5 11. a3 Na6 12. Be3 Nb6 13. b3 Bd7 14. Ba2 f5 15. exf5 gxf5 16. f4 e4 17. Bd4 Qe7 18. Qd2 Kh8 19. Qe3 Nc5 20. Rad1 Rfe8 21. Ng3 Bxd4 22. Rxd4 Qf7 23. Nd1 Rg8 24. Rd2 Rg7 25. Qc3 Rag8 26. Ne3 h5 27. Nh1 Kh7 28. Nf2 Qe7 29. b4 axb4 30. axb4 Nba4 31. Qa3 Na6 32. Nh3 Qf6 33. Ng5+ Rxg5 34. fxg5 Qxg5 35. Rdf2 Nxb4 36. Rxf5 Bxf5 37. Rxf5 Nc2 38. Rxg5 Nxa3 39. Rxh5+ Kg6 40. Rh4 Re8 41. Bb3 Nb2 42. Rf4 b5 43. cxb5 Nxb5 44. Bc2 Nc3 45. Rf1 Nd3 46. h4 Rh8 47. g3 Rb8 48. g4 Rh8 49. h5+ Kg5 50. Rf5+ Kh4 51. Kh2 Ne1 52. Bb3 Nf3+ 53. Kg2 Nd4 54. Rf7 Nxb3 55. Rg7 Nd4 56. Kh2 Nf3+ 57. Kg2 Nd4 58. Kh2 Nf3+ 59. Kg2 Ng5 60. Rxc7 Ne2 61. Rd7 Nf4+ 62. Kf2 Rb8 63. Nc4 Kxg4 64. h6 Nxd5 65. Rxd6 Nh3+ 66. Ke2 Nhf4+ 67. Kd2 Re8 68. Ne3+ Nxe3 69. Kxe3 Ng2+ 70. Ke2 e3 71. Rg6+ Kh3 72. Rf6 Re7 73. Rf8 Kh4 74. Rf1 Kg3 75. Rg1 Rd7 0-1

[Event "4NCL Div 1 2024-25"]
[Site "England"]
[Date "2025.02.16"]
[Round "6.18"]
[White "Merry, Alan B"]
[Black "Ledger, Andrew J"]
[Result "1/2-1/2"]
[Annotator "ChessBase"]
[ECO "D45"]
[WhiteElo "2417"]
[BlackElo "2328"]
[PlyCount "81"]
[EventDate "2024.11.23"]
[EventType "team-tourn"]
[EventCountry "ENG"]
[SourceTitle "playchess.com"]
[Source "ChessBase"]
[SourceQuality "1"]
[TimeControl "40/6000+30:3000+30"]

1. d4 d5 2. c4 c6 3. e3 Nf6 4. Nc3 e6 5. Nf3 Nbd7 6. Qc2 Bd6 7. b3 O-O 8. Be2 b6 9. O-O Bb7 10. Rd1 Qe7 11. Bb2 Rad8 12. Rac1 Rfe8 13. g3 dxc4 14. bxc4 e5 15. Bf1 exd4 16. exd4 Ba3 17. Re1 Qb4 18. Bxa3 Qxa3 19. Ng5 Nf8 20. Rxe8 Rxe8 21. c5 h6 22. Nb1 Qa5 23. Nf3 Ne6 24. Nbd2 bxc5 25. Nb3 Qa3 26. dxc5 Ba6 27. Bg2 Rb8 28. Rd1 Bb5 29. Ne5 Qa4 30. h3 Rd8 31. Rd6 Qb4 32. Rxd8+ Nxd8 33. Qd1 Ne6 34. Bxc6 Nxc5 35. Bxb5 Qxb5 36. Qd8+ Kh7 37. Nxc5 Qxc5 38. Qd3+ Kg8 39. Qd8+ Kh7 40. Qd3+ Kg8 41. Qd8+ 1/2-1/2

[Event "4NCL Div 1 2024-25"]
[Site "England"]
[Date "2025.02.16"]
[Round "6.19"]
[White "Ansell, Simon T"]
[Black "Taylor, Martin R"]
[Result "1/2-1/2"]
[Annotator "ChessBase"]
[ECO "C50"]
[WhiteElo "2323"]
[BlackElo "2353"]
[PlyCount "59"]
[EventDate "2024.11.23"]
[EventType "team-tourn"]
[EventCountry "ENG"]
[SourceTitle "playchess.com"]
[Source "ChessBase"]
[SourceQuality "1"]
[TimeControl "40/6000+30:3000+30"]

1. e4 e5 2. Nf3 Nc6 3. Bc4 Be7 4. d4 exd4 5. Nxd4 d6 6. Nc3 Nf6 7. O-O O-O 8. Re1 Nxd4 9. Qxd4 Ng4 10. Qd1 c6 11. Be2 Ne5 12. Be3 f5 13. f4 Nf7 14. exf5 Bxf5 15. Bd3 Nh6 16. Kh1 d5 17. Ne2 Bd6 18. Bxf5 Nxf5 19. Bf2 Qd7 20. Qd3 Qf7 21. b3 Rfe8 22. g3 Bc7 23. Ng1 Nd6 24. Nf3 Ne4 25. Kg2 a5 26. Re2 h6 27. Rf1 Nxf2 28. Rfxf2 Rxe2 29. Rxe2 Re8 30. Rxe8+ 1/2-1/2

[Event "4NCL Div 1 2024-25"]
[Site "England"]
[Date "2025.02.16"]
[Round "6.20"]
[White "Rogers, Jonathan W"]
[Black "Bates, Richard A"]
[Result "1/2-1/2"]
[Annotator "ChessBase"]
[ECO "A48"]
[WhiteElo "2331"]
[BlackElo "2315"]
[PlyCount "93"]
[EventDate "2024.11.23"]
[EventType "team-tourn"]
[EventCountry "ENG"]
[SourceTitle "playchess.com"]
[Source "ChessBase"]
[SourceQuality "1"]
[TimeControl "40/6000+30:3000+30"]

1. d4 Nf6 2. Nf3 g6 3. Bg5 Bg7 4. Nbd2 O-O 5. c3 d6 6. e4 c5 7. dxc5 dxc5 8. Bc4 Nc6 9. Qe2 Qc7 10. O-O h6 11. Bxf6 exf6 12. Nh4 g5 13. Nf5 Bxf5 14. exf5 Rfe8 15. Ne4 Qf4 16. Rae1 Re7 17. Qe3 Qxe3 18. Rxe3 Rd8 19. Nxc5 Rxe3 20. fxe3 Bf8 21. Ne4 Be7 22. Be2 Ne5 23. b3 Kf8 24. Rd1 Rxd1+ 25. Bxd1 Ke8 26. Be2 Kd7 27. Kf2 Kc6 28. Bf3 Kc7 29. Bh5 Kd7 30. Ke2 Bd8 31. Nc5+ Kc6 32. Nd3 Bc7 33. h3 Kd6 34. Nxe5 Kxe5 35. g4 Ke4 36. Bxf7 Bb6 37. c4 Bxe3 38. Bd5+ Kd4 39. Bxb7 Bc1 40. Kd1 Ba3 41. Kc2 a5 42. Bc6 Bb4 43. Kb2 Bc3+ 44. Ka3 Bb4+ 45. Ka4 Kc5 46. Bd5 Bd2 47. Ka3 1/2-1/2

[Event "4NCL Div 1 2024-25"]
[Site "England"]
[Date "2025.02.16"]
[Round "6.21"]
[White "Ledger, Dave J"]
[Black "Sowray, Peter J"]
[Result "0-1"]
[Annotator "ChessBase"]
[ECO "B90"]
[WhiteElo "2191"]
[BlackElo "2205"]
[PlyCount "112"]
[EventDate "2024.11.23"]
[EventType "team-tourn"]
[EventCountry "ENG"]
[SourceTitle "playchess.com"]
[Source "ChessBase"]
[SourceQuality "1"]
[TimeControl "40/6000+30:3000+30"]

1. e4 c5 2. Nf3 d6 3. d4 cxd4 4. Nxd4 Nf6 5. Nc3 a6 6. Qd3 Nc6 7. Bg5 Qa5 8. f4 e6 9. Be2 Be7 10. Nb3 Qc7 11. O-O-O b5 12. Bxf6 gxf6 13. Bh5 b4 14. Ne2 O-O 15. Kb1 a5 16. Nbd4 Nxd4 17. Nxd4 a4 18. f5 Qc5 19. Qg3+ Kh8 20. Qh3 e5 21. Ne6 Bxe6 22. fxe6 Qc4 23. exf7 b3 24. axb3 axb3 25. Qxb3 Qa6 26. Kc1 f5 27. h4 fxe4 28. Rh3 d5 29. g4 d4 30. Kd2 Rfb8 31. Qd5 Bb4+ 32. c3 dxc3+ 33. Ke3 Qf6 34. Rf1 Qe7 35. bxc3 Bxc3 36. g5 Ra4 37. Rf6 Qa7+ 38. Ke2 Ra2+ 39. Kf1 Ra1+ 40. Bd1 Bb4 41. Rb3 Bf8 42. Rxb8 Qxb8 43. Kg2 Qb2+ 44. Rf2 Qb8 45. Bc2 Re1 46. Bxe4 Qd6 47. h5 Qxd5 48. Bxd5 h6 49. gxh6 Rd1 50. Be6 e4 51. Rf6 e3 52. Bg4 Rd6 53. Rf5 Rxh6 54. Rg5 Bg7 55. Re5 Rf6 56. Be6 Rf2+ 0-1

[Event "4NCL Div 1 2024-25"]
[Site "England"]
[Date "2025.02.16"]
[Round "6.22"]
[White "Zhao, George"]
[Black "Nelson, Jonathan P"]
[Result "0-1"]
[Annotator "ChessBase"]
[ECO "E68"]
[WhiteElo "2233"]
[BlackElo "2098"]
[PlyCount "72"]
[EventDate "2024.11.23"]
[EventType "team-tourn"]
[EventCountry "ENG"]
[SourceTitle "playchess.com"]
[Source "ChessBase"]
[SourceQuality "1"]
[TimeControl "40/6000+30:3000+30"]

1. d4 d6 2. Nf3 Nd7 3. c4 Ngf6 4. Nc3 g6 5. g3 Bg7 6. Bg2 O-O 7. O-O e5 8. e4 exd4 9. Nxd4 Re8 10. h3 Nc5 11. Re1 Bd7 12. b4 Ne6 13. Nb3 h6 14. Bb2 Ng5 15. Kh2 Nfxe4 16. Nxe4 Bxb2 17. Rb1 Bg7 18. c5 Bf5 19. Nxg5 Rxe1 20. Qxe1 Bxb1 21. Nxf7 Kxf7 22. Bd5+ Kf8 23. Qe6 Qf6 24. Qg8+ Ke7 25. cxd6+ cxd6 26. Qxa8 Qxf2+ 27. Kh1 Qf1+ 28. Kh2 Qe2+ 29. Kg1 Qd1+ 30. Kh2 Qxd5 31. Qxa7 Qf3 32. Qb6 Kf7 33. h4 h5 34. Na5 Qe2+ 35. Kg1 Qd1+ 36. Kg2 Be4+ 0-1

[Event "4NCL Div 1 2024-25"]
[Site "England"]
[Date "2025.02.16"]
[Round "6.23"]
[White "Varney, Zoe"]
[Black "Hng, Mei-En Emmanuelle"]
[Result "1/2-1/2"]
[Annotator "NA"]
[ECO "B40"]
[WhiteElo "1996"]
[BlackElo "2135"]
[PlyCount "59"]
[EventDate "2024.11.23"]
[EventType "team-tourn"]
[EventCountry "ENG"]
[SourceTitle "playchess.com"]
[Source "ChessBase"]
[SourceQuality "1"]
[TimeControl "40/6000+30:3000+30"]

1. e4 c5 2. Nf3 e6 3. b3 Nf6 4. e5 Nd5 5. c4 Nb6 6. Bb2 Nc6 7. Nc3 d5 8. exd6 Bxd6 9. d4 cxd4 10. Nxd4 O-O 11. Nxc6 bxc6 12. g3 Rb8 13. Qc2 Qc7 14. Bg2 f5 15. O-O-O a5 16. Ne2 c5 17. Qc3 Rf7 18. Qxa5 Bb7 19. Bxb7 Qxb7 20. Qc3 Be7 21. Nf4 Bf6 22. Qc2 e5 23. Nd5 Nxd5 24. Rxd5 Qa8 25. Kb1 Ra7 26. Bc3 Ra4 27. Ka1 Ra3 28. Kb1 Ra4 29. Ka1 Ra3 30. Kb1 1/2-1/2

[Event "4NCL Div 1 2024-25"]
[Site "England"]
[Date "2025.02.16"]
[Round "6.24"]
[White "Regan, Natasha K"]
[Black "Ledger, Stephen C"]
[Result "0-1"]
[Annotator "TA"]
[ECO "A09"]
[WhiteElo "2035"]
[BlackElo "2013"]
[PlyCount "88"]
[EventDate "2024.11.23"]
[EventType "team-tourn"]
[EventCountry "ENG"]
[SourceTitle "playchess.com"]
[Source "ChessBase"]
[SourceQuality "1"]
[TimeControl "40/6000+30:3000+30"]

1. Nf3 d5 2. c4 d4 3. b4 f6 4. e3 e5 5. c5 a5 6. Qa4+ {[%emt 0:01:00] A09: Réti Opening: 1 Nf3 d5 2 c4.} (6. Nxe5 $11 fxe5 7. Qh5+ Ke7 8. Qxe5+ Be6 9. Bc4) 6... Bd7 7. b5 $1 Bxc5 8. Bc4 {[%emt 0:00:48] Black must now prevent Bxg8. The position is equal.} Ne7 9. exd4 exd4 10. Ba3 $1 Na6 11. O-O Nb4 12. Re1 (12. d3 $11) 12... Bg4 $1 $17 13. Qb3 {[%emt 0:08:49][%cal Ob1c3] [#]} Qd6 $146 {[%emt 0:12:47] Black converts the advantage convincingly.} ({Predecessor:} 13... Qd7 14. Bf7+ Kf8 15. Bxb4 axb4 16. Bc4 d3 17. a3 Bxf3 18. gxf3 Qd4 19. Re3 Qxa1 20. Rxd3 bxa3 21. Kg2 Ng6 22. Rd7 Ne5 23. Rxc7 Qd4 {0-1 Perez Ponsa,F (2553)-Ramirez Alvarez,A (2568) PRO League Stage rapid 2018 (9)}) 14. Bf7+ {[%emt 0:05:43] [#]} (14. h3 $17 Bh5 15. Re6) 14... Kf8 $1 $19 15. Qc4 $2 (15. Nh4) 15... Bxf3 16. gxf3 b6 17. Bb2 (17. Bxb4 $142 Bxb4 (17... axb4 $2 18. d3 $19) 18. Re4) 17... Rd8 18. Bh5 $2 (18. a3 Nbd5 19. Bxd5 Qxd5 20. Qxd5 Nxd5 21. d3) 18... Qd5 19. Qxd5 Nexd5 20. Na3 {[%emt 0:02:29] White is weak on the dark squares} Nd3 21. Nc4 Nxe1 22. Rxe1 Nf4 23. Bg4 g6 24. Re4 Nd3 25. Re6 f5 26. Bh3 Nxb2 (26... Nf4 $142 27. Rc6 Nxh3+ 28. Kf1 Ke7 29. Rxc7+ Ke6 30. Rc6+ Kd5 31. Nxb6+ Bxb6 32. Rxb6 Rb8) 27. Nxb2 Rd6 28. Re5 Kf7 29. Nc4 Re6 30. Rd5 $2 (30. Bf1) 30... Rhe8 31. Bf1 Re1 32. Rd7+ (32. f4 $142) 32... R8e7 33. Rd8 Rc1 34. Kg2 Rc2 35. f4 Kg7 (35... Rxa2 36. Nxb6 Rxd2 (36... cxb6 $2 37. Bc4+ Kf6 38. Bxa2 $19) 37. Bc4+ Kg7 38. Nc8 $19) 36. a4 Ra2 37. Ne5 Bd6 38. Bc4 Rxd2 39. Rg8+ Kh6 40. Nf7+ {[%emt 0:00:27] [#]} Rxf7 $1 41. Bxf7 Bxf4 42. Rc8 Bd6 {[%emt 0:00:41] And now ...d3 would win.} 43. h4 (43. Re8 $142) 43... Re2 44. Kf3 Re4 {[%emt 0:00:00] Weighted Error Value: White=0.87/Black=0.41  Mistake:       	White=8     	---        Inaccurate:     	White=1     	Black=4      OK:         	White=11    	Black=16     Best:        	---       	Black=2      Strong:       	White=2     	Black=2} 0-1

[Event "4NCL Div 1 2024-25"]
[Site "England"]
[Date "2025.02.16"]
[Round "6.25"]
[White "Waldhausen Gordon, Frederick"]
[Black "Rendle, Thomas E"]
[Result "1/2-1/2"]
[Annotator "ChessBase"]
[ECO "D19"]
[WhiteElo "2361"]
[BlackElo "2383"]
[PlyCount "38"]
[EventDate "2024.11.23"]
[EventType "team-tourn"]
[EventCountry "ENG"]
[SourceTitle "playchess.com"]
[Source "ChessBase"]
[SourceQuality "1"]
[TimeControl "40/6000+30:3000+30"]

1. d4 d5 2. c4 c6 3. Nf3 Nf6 4. Nc3 dxc4 5. a4 Bf5 6. e3 e6 7. Bxc4 Bb4 8. O-O O-O 9. Qe2 Bg6 10. Ne5 Nbd7 11. Nxg6 hxg6 12. Rd1 Qc7 13. f4 Nb6 14. Bd3 Rad8 15. Bd2 Qe7 16. a5 Nc8 17. Na4 Bxd2 18. Rxd2 Nd5 19. Qf2 g5 1/2-1/2

[Event "4NCL Div 1 2024-25"]
[Site "England"]
[Date "2025.02.16"]
[Round "6.26"]
[White "Milson, Samuel A"]
[Black "Gourlay, Iain"]
[Result "1-0"]
[Annotator "ChessBase"]
[ECO "B30"]
[WhiteElo "2069"]
[BlackElo "2303"]
[PlyCount "143"]
[EventDate "2024.11.23"]
[EventType "team-tourn"]
[EventCountry "ENG"]
[SourceTitle "playchess.com"]
[Source "ChessBase"]
[SourceQuality "1"]
[TimeControl "40/6000+30:3000+30"]

1. e4 c5 2. Nc3 Nc6 3. Bb5 Nd4 4. Nf3 e6 5. O-O a6 6. Bd3 Nc6 7. a3 g6 8. b3 Bg7 9. Bb2 Nge7 10. Re1 O-O 11. Qc1 d6 12. Nd1 e5 13. Ne3 Nd4 14. Qd1 Be6 15. Ng5 Bd7 16. c3 Ndc6 17. Nf3 b5 18. a4 Qb6 19. axb5 axb5 20. Qe2 Na5 21. Bc2 Be6 22. b4 cxb4 23. cxb4 Nb3 24. Bxb3 Bxb3 25. Qd3 Ba2 26. Rec1 Bh6 27. Ng4 Bg7 28. Ne3 Rfd8 29. Rc2 Nc6 30. Bc3 Be6 31. Rxa8 Rxa8 32. Nd5 Qb7 33. Bb2 Ra7 34. Bc3 h6 35. h3 Qb8 36. Rc1 Ne7 37. Nxe7+ Rxe7 38. Ra1 f5 39. Ra6 fxe4 40. Qxe4 Kh7 41. Qc6 Bc4 42. Qxd6 Qxd6 43. Rxd6 e4 44. Bxg7 Kxg7 45. Nd4 Ra7 46. Rb6 Ra1+ 47. Kh2 Rb1 48. Nxb5 Rxb4 49. Rb7+ Kf6 50. Nd6 Rxb7 51. Nxb7 Ke5 52. Nc5 Bb5 53. Kg3 Kd5 54. Nb3 Kc4 55. Nc1 Kd4 56. f3 e3 57. dxe3+ Kxe3 58. Nb3 Bc4 59. Nc5 Kd4 60. Ne4 Ke5 61. Nd2 Bd5 62. Kf2 Kd4 63. h4 g5 64. hxg5 hxg5 65. Kg3 Be6 66. Ne4 g4 67. Ng5 Bd7 68. f4 Bc6 69. Nh7 Ke3 70. f5 Kd4 71. f6 Bd5 72. Ng5 1-0

[Event "4NCL Div 1 2024-25"]
[Site "England"]
[Date "2025.02.16"]
[Round "6.27"]
[White "Olson, Hamish"]
[Black "Lentzos, Ioanis"]
[Result "1-0"]
[Annotator "ChessBase"]
[ECO "B10"]
[WhiteElo "2374"]
[BlackElo "2126"]
[PlyCount "71"]
[EventDate "2024.11.23"]
[EventType "team-tourn"]
[EventCountry "ENG"]
[SourceTitle "playchess.com"]
[Source "ChessBase"]
[SourceQuality "1"]
[TimeControl "40/6000+30:3000+30"]

1. e4 c6 2. Nf3 d5 3. d3 dxe4 4. dxe4 Qxd1+ 5. Kxd1 Nf6 6. Nbd2 g6 7. Ne1 h5 8. f3 Bh6 9. h4 Be6 10. c3 Nbd7 11. Nd3 O-O-O 12. Kc2 Ne8 13. Nb3 Bxb3+ 14. axb3 Bxc1 15. Kxc1 Kb8 16. Kc2 e5 17. g3 Nd6 18. Bh3 f5 19. Rae1 Rde8 20. Re3 Kc7 21. Ra1 Nf6 22. Rxa7 fxe4 23. fxe4 Nfxe4 24. Ra5 Rhf8 25. Bg2 b6 26. Ra7+ Kb8 27. Ra1 Nf6 28. Nxe5 Rxe5 29. Rxe5 Ng4 30. Re2 Nf5 31. Bxc6 Rf6 32. Ra8+ Kc7 33. Bb5 Nxg3 34. Rd2 Ne5 35. Ra7+ Kc8 36. Ba6+ 1-0

[Event "4NCL Div 1 2024-25"]
[Site "England"]
[Date "2025.02.16"]
[Round "6.28"]
[White "Birtwistle, Nigel"]
[Black "Berry, Neil"]
[Result "0-1"]
[Annotator "ChessBase"]
[ECO "D02"]
[WhiteElo "2041"]
[BlackElo "2248"]
[PlyCount "64"]
[EventDate "2024.11.23"]
[EventType "team-tourn"]
[EventCountry "ENG"]
[SourceTitle "playchess.com"]
[Source "ChessBase"]
[SourceQuality "1"]
[TimeControl "40/6000+30:3000+30"]

1. d4 d5 2. Nf3 Nf6 3. g3 c5 4. Bg2 cxd4 5. O-O Bd7 6. b3 Nc6 7. Nxd4 e5 8. Nxc6 Bxc6 9. Bb2 Bd6 10. Nd2 O-O 11. c4 d4 12. Nf3 Re8 13. Qc1 Qe7 14. Rd1 Rac8 15. Bh3 Rcd8 16. Nh4 Bc5 17. Nf5 Qf8 18. Bg2 Ne4 19. Qb1 d3 20. e3 g6 21. Nh4 Nxf2 22. Kxf2 Bxe3+ 23. Kf1 Qd6 24. Bxc6 Qxc6 25. Rxd3 Qf6+ 26. Kg2 Qf2+ 27. Kh3 Rxd3 28. Qxd3 Qxb2 29. Qd7 Qxa1 30. Qxe8+ Kg7 31. Qb5 Qf1+ 32. Ng2 Qf5+ 0-1

[Event "4NCL Div 1 2024-25"]
[Site "England"]
[Date "2025.02.16"]
[Round "6.29"]
[White "Shafi, Declan"]
[Black "Bremner, Adam"]
[Result "1/2-1/2"]
[Annotator "ChessBase"]
[ECO "B13"]
[WhiteElo "2181"]
[BlackElo "2149"]
[PlyCount "99"]
[EventDate "2024.11.23"]
[EventType "team-tourn"]
[EventCountry "ENG"]
[SourceTitle "playchess.com"]
[Source "ChessBase"]
[SourceQuality "1"]
[TimeControl "40/6000+30:3000+30"]

1. e4 c6 2. d4 d5 3. exd5 cxd5 4. Bd3 Nc6 5. c3 Nf6 6. h3 g6 7. Nf3 Bf5 8. O-O Bg7 9. Re1 O-O 10. Bf1 Ne4 11. Nbd2 Re8 12. Nxe4 Bxe4 13. Nd2 Bf5 14. Nb3 e5 15. dxe5 Rxe5 16. Be3 Na5 17. Nxa5 Qxa5 18. Qb3 b6 19. Red1 Be6 20. Qc2 Bf5 21. Qd2 Qa4 22. Bd4 Ree8 23. Bxg7 Kxg7 24. Qxd5 Rad8 25. Qb5 Qxb5 26. Bxb5 Rxd1+ 27. Rxd1 Re5 28. Bf1 h5 29. g3 g5 30. f3 Be6 31. a3 Bb3 32. Rd2 Re1 33. Kf2 Rc1 34. f4 gxf4 35. gxf4 Kf6 36. Be2 h4 37. Bg4 Bc4 38. Ke3 Re1+ 39. Kf3 Rf1+ 40. Ke3 Re1+ 41. Kd4 Bb3 42. Re2 Rf1 43. Ke3 Bc4 44. Rf2 Re1+ 45. Kd2 Rh1 46. Ke3 Bf1 47. Bf3 Rg1 48. Bg4 Rh1 49. Bf3 Rg1 50. Bg4 1/2-1/2

[Event "4NCL Div 1 2024-25"]
[Site "England"]
[Date "2025.02.16"]
[Round "6.30"]
[White "Dobrolyubov, Alexandr K"]
[Black "McKay, Roderick M"]
[Result "1-0"]
[Annotator "ChessBase"]
[ECO "B07"]
[WhiteElo "1951"]
[BlackElo "2177"]
[PlyCount "155"]
[EventDate "2024.11.23"]
[EventType "team-tourn"]
[EventCountry "ENG"]
[SourceTitle "playchess.com"]
[Source "ChessBase"]
[SourceQuality "1"]
[TimeControl "40/6000+30:3000+30"]

1. e4 d6 2. d4 Nf6 3. Nc3 e5 4. dxe5 dxe5 5. Qxd8+ Kxd8 6. Be3 c6 7. O-O-O+ Kc7 8. Bc4 Be6 9. Bxe6 fxe6 10. f3 Nbd7 11. Nh3 h6 12. Nf2 b5 13. Nd3 Bd6 14. a4 Rhb8 15. b3 a5 16. Kb2 Rb7 17. Ra1 b4 18. Nb1 c5 19. Nd2 Kc6 20. Nc4 Bc7 21. Rad1 Rf8 22. Rd2 Nh5 23. Rhd1 Rf7 24. Ne1 Re7 25. Rd6+ Bxd6 26. Nxa5+ Kb6 27. Nxb7 Bb8 28. Nd6 Kc6 29. Nc4 g5 30. g3 Nhf6 31. g4 Rf7 32. Kc1 Ne8 33. Kd2 Nd6 34. Nxd6 Bxd6 35. Ke2 Nf8 36. Nd3 Ng6 37. Nb2 Bc7 38. Nc4 Rh7 39. Rg1 Bd8 40. Rd1 Bc7 41. Kf2 Nh4 42. Bc1 Ng6 43. Bb2 Rf7 44. Ke3 Rf8 45. Kf2 Rf7 46. Bc1 Rh7 47. Kg3 Rf7 48. Be3 Nh4 49. Rf1 Rf8 50. Bg1 Rf7 51. h3 Rf8 52. Bh2 Rf7 53. Nd2 Rd7 54. Rf2 Bb6 55. Nc4 Bc7 56. Rd2 Rf7 57. Rd3 Ng6 58. Kf2 Rh7 59. Bg3 Rh8 60. Rd1 Rf8 61. Rh1 Rh8 62. h4 h5 63. hxg5 h4 64. Bh2 Rd8 65. Ke2 Rd7 66. Nb2 Rd4 67. Nd3 Bd6 68. Bg1 c4 69. Ne1 Nf4+ 70. Kf1 Rd1 71. Be3 Ng6 72. bxc4 Bc5 73. Ke2 Rd8 74. Nd3 Bxe3 75. Kxe3 Ra8 76. Nxb4+ Kc5 77. Nd3+ Kxc4 78. f4 1-0

[Event "4NCL Div 1 2024-25"]
[Site "England"]
[Date "2025.02.16"]
[Round "6.31"]
[White "Swanson, Stephen"]
[Black "McCarthy, Kevin C"]
[Result "1-0"]
[Annotator "ChessBase"]
[ECO "C00"]
[WhiteElo "2143"]
[BlackElo "1954"]
[PlyCount "91"]
[EventDate "2024.11.23"]
[EventType "team-tourn"]
[EventCountry "ENG"]
[SourceTitle "playchess.com"]
[Source "ChessBase"]
[SourceQuality "1"]
[TimeControl "40/6000+30:3000+30"]

1. e4 e6 2. d3 d5 3. Nd2 c5 4. g3 Nc6 5. Bg2 Be7 6. f4 Nf6 7. e5 Nd7 8. Ngf3 Qb6 9. a3 f6 10. exf6 Nxf6 11. c4 O-O 12. O-O Bd6 13. Re1 Bd7 14. Ne5 Qc7 15. Ndf3 d4 16. Bd2 Rae8 17. Rb1 a5 18. Qe2 Re7 19. Bh3 Bxe5 20. Nxe5 Nxe5 21. Qxe5 Qxe5 22. Rxe5 b6 23. Rbe1 Rfe8 24. b4 axb4 25. axb4 Rc8 26. bxc5 bxc5 27. Ba5 Rc6 28. Bg2 Rc8 29. h3 Ba4 30. R5e2 Kf7 31. f5 Bd7 32. g4 h6 33. Bd2 Ree8 34. fxe6+ Rxe6 35. Rxe6 Bxe6 36. Bf4 g5 37. Bd6 Ne8 38. Be5 Ke7 39. Ra1 Bd7 40. Ra6 Be6 41. Ra7+ Bd7 42. Bd5 Rd8 43. Ra6 h5 44. gxh5 Bxh3 45. Be4 Be6 46. h6 1-0